 Dungeon Crawl Stone Soup version 0.30-a0-137-gd8773701ce (webtiles) character file.

Game seed: 13105894658083307469

67 IdlyInterested the Trooper (level 4, -2/37 HPs)
             Began as a Demonspawn Wanderer on Sept 21, 2022.
             Splashed by a jelly's acid (6 damage)
             ... on level 3 of the Dungeon.
             The game lasted 00:06:24 (2277 turns).

IdlyInterested the Trooper (Demonspawn Wanderer)    Turns: 2277, Time: 00:06:25

Health: -2/37      AC: -4    Str: 18      XL:     4   Next: 0%
Magic:  5/5        EV: 10    Int: 14      God:
Gold:   110        SH:  2    Dex:  6 (8)  Spells: 4/5 levels left

rFire   . . .      SeeInvis .    j - +0 hand axe
rCold   . . .      Faith    .    l - +0 buckler
rNeg    . . .      Spirit   .    b - +1 ring mail
rPois   .          Reflect  .    (no helmet)
rElec   .          Harm     .    c - +0 cloak
rCorr   .          Rampage  .    (no gloves)
Will    .....                    (no boots)
Stlth   ..........               (no amulet)
HPRegen 0.12/turn                (no ring)
MPRegen 0.09/turn                (no ring)

@: corroded
A: hooves 1
a: no special abilities


You were on level 3 of the Dungeon.
You visited 1 branch of the dungeon, and saw 3 of its levels.

You collected 110 gold pieces.

Inventory:

Hand Weapons
 h - a +0 short sword
 j - a +0 hand axe (weapon)
 k - a +0 whip
Armour
 b - a +1 ring mail (worn)
 c - a +0 cloak (worn)
 l - a +0 buckler (worn)
Wands
 m - a wand of flame (16)
Scrolls
 a - a scroll of enchant armour
Potions
 d - a potion of attraction
 e - a potion of lignification {unknown}
 f - a potion of heal wounds {unknown}
 g - a potion of curing {unknown}
 i - a potion of might {unknown}
 n - a potion of resistance {unknown}


   Skills:
 * Level 3.7 Fighting
 + Level 3.3 Armour
 - Level 1.0 Dodging
 - Level 1.0 Unarmed Combat
 - Level 1.0 Spellcasting
 - Level 1.7 Air Magic


You had 4 spell levels left.
You knew the following spells:

 Your Spells              Type           Power      Damage    Failure   Level
a - Shock                 Conj/Air       12%        1d3       41%         1

Your spell library contained the following spells:

 Spells                   Type           Power      Damage    Failure   Level
 Static Discharge         Conj/Air       6%         2-3/arc   54%         2
 Airstrike                Air            2%         2d(1-17)  96%         4


Dungeon Overview and Level Annotations

Branches:
Dungeon (3/15)

Altars:
Nemelex Xobeh


Innate Abilities, Weirdness & Mutations

You have large cloven feet.


Message History

You feel yourself slow down.
You finish putting on your +0 cloak.
You recover from your berserk rage.
You start resting.
HP restored.
Done exploring.
There is an open translucent door, spattered with blood here.
You see here a +3 quarterstaff of chaos.
There is a stone staircase leading down here.
There is a stone staircase leading down here.
You climb downwards.
The hobgoblin shouts!
The endoplasm quivers.
Found a robe and a ring mail.
There is a stone staircase leading up here.
A goblin comes into view. It is wielding a +0 club.
You hit the jelly but do no damage. The acid corrodes you!
Your hands burn!
The jelly hits you.
You are splashed with acid!
You barely miss the jelly.
You hit the giant cockroach but do no damage.
The jelly hits you. The acid corrodes you!
You are splashed with acid.
You block the giant cockroach's attack.
You hit the jelly but do no damage.
Your hands burn!
You hit the giant cockroach but do no damage.
The giant cockroach closely misses you. The jelly closely misses you.
The giant cockroach bites you.
A rat comes into view.
The endoplasm hits you. The jelly closely misses you.
You slash the jelly!
Your hands burn!
* * * LOW HITPOINT WARNING * * *
The jelly is moderately wounded.
You closely miss the hobgoblin.
You hit the giant cockroach but do no damage.
You hit the endoplasm but do no damage. The giant cockroach bites you.
* * * LOW HITPOINT WARNING * * *
The endoplasm closely misses you. The hobgoblin closely misses you.
The jelly hits you.
* * * LOW HITPOINT WARNING * * *
The acid corrodes you!
You are splashed with acid.
You die...

##..#.[
..r..
...#.
##...##
.....#
....##
#Jg..#
#@g..#
#BJ.....#
#.........
#.......##
##....###
#....#
#.#### #..


You could see a jelly, an endoplasm, a giant cockroach, a hobgoblin, a goblin
and a rat.

Vanquished Creatures
  Crazy Yiuf (D:2)
  A worm (D:2)
  A dart slug (D:1)
  4 bats
  5 endoplasms
  2 giant cockroaches (D:1)
  A goblin (D:2)
  2 hobgoblins
  3 kobolds
  A quokka (D:1)
  4 ball pythons
  5 frilled lizards (D:1)
  3 rats
33 creatures vanquished.

Notes
Turn   | Place    | Note
-------+----------+-------------------------------------------
     0 | D:1      | IdlyInterested the Demonspawn Wanderer began the quest for
                  | the Orb.
     0 | D:1      | IdlyInterested set off with the following items: a +0 club,
                  | a +0 ring mail, a potion of haste, a potion of attraction;
                  | and the following spell memorised: Shock; and the following
                  | spells available to memorise: Static Discharge, Airstrike.
     0 | D:1      | Reached XP level 1. HP: 16/16 MP: 2/2
   569 | D:1      | Gained mutation: You have large cloven feet. [demonic
                  | ancestry]
   569 | D:1      | Reached XP level 2. HP: 19/23 MP: 3/3
   947 | D:1      | Found a faded altar of an unknown god.
  1242 | D:2      | Found a sparkling altar of Nemelex Xobeh.
  1329 | D:2      | Reached XP level 3. HP: 26/29 MP: 4/4
  1767 | D:2      | Found a runed translucent door.
  1768 | D:2      | Noticed Crazy Yiuf
  2041 | D:2      | Killed Crazy Yiuf
  2042 | D:2      | Reached XP level 4. HP: 34/37 MP: 5/5
  2277 | D:3      | Splashed by a jelly's acid

Illustrated notes

Levels and vault maps discovered:
D:1:      minmay_arrival_four_houses, layout_basic,
          hellmonk_ecumenical_altar_arch_garden
D:2:      layout_rooms, basic_altar, kennysheep_minor_cross,
          serial_bayou_crossing, uniq_crazy_yiuf_cottage
D:3:      layout_loops_ring

Skill      XL: |  1  2 |
---------------+-------+-----
Armour         | 3 |  3.3
Fighting       | 3 |  3.7
Dodging        | |  1.0
Unarmed Combat | |  1.0
Spellcasting   | |  1.0
Air Magic      | |  1.7

Action                   |  1- 3 |  4- 6 || total
-------------------------+-------+-------++-------
Melee: Club              |    52 |       ||    52
       Punch             |     2 |       ||     2
       Whip              |    84 |       ||    84
       Kick              |    21 |       ||    21
       Hand axe          |     9 |     4 ||    13
  Use: Scroll            |     4 |       ||     4
       Potion            |     2 |       ||     2
Armor: Ring mail         |    58 |       ||    58
Dodge: Dodged            |    92 |     5 ||    97
Block: Buckler           |     1 |     1 ||     2

Table legend: (Time is in decaauts)
 A = Elapsed time spent in this place.
 B = Non-inter-level travel time spent in this place.
 C = Inter-level travel time spent in this place.
 D = Time resting spent in this place.
 E = Time spent auto-exploring this place.
 F = Levels seen in this place.
 G = Mean time per level.
                   A        B        C        D        E       F      G
               +--------+--------+--------+--------+--------+-----+--------+
         Total |   2301 |   2162 |    139 |    795 |    913 |   3 |  767.0 |
       Dungeon |   2301 |   2162 |    139 |    795 |    913 |   3 |  767.0 |
               +--------+--------+--------+--------+--------+-----+--------+

Top non-repeatable levels by time:
     D:1: 1342 daAuts
     D:2: 951 daAuts
     D:3: 7 daAuts
